PIO (24 & UNDER)
COLORADO COMMANDERS @ CHULA VISTA TACOS
07/25/2028
 
TOP OF THE 1ST
Colorado Commanders batting - Pitching for Chula Vista Tacos : LHP Alonso Parrish
Pitching: LHP Alonso Parrish
Batting: RHB Tony Barton 0-0: Ball
1-0: Called Strike
1-1: Swinging Strike
1-2: Ball
2-2: Ball
3-2: Strikes out looking
Batting: SHB Ed Dundee 0-0: Called Strike
0-1: Foul Ball, location: 2F
0-2: Reached on error, E6 (Groundball, 6)
Batting: RHB Mike Martin 0-0: Ball
1-0: Ball
2-0: Ball
3-0: Base on Balls
Ed Dundee to second
Batting: RHB Frank Martínez 0-0: Called Strike
0-1: Called Strike
0-2: Ball
1-2: Ball
2-2: Ball
Balk!
Ed Dundee to third
Mike Martin to second
3-2: Base on Balls
Batting: LHB Arturo Rodledo 0-0: Ball
1-0: Fly out, F3 (Popup, 3L)
Batting: RHB Kyle Vélez 0-0: Ball
Wild Pitch!
Ed Dundee scores
Mike Martin to third
Frank Martínez to second
1-0: Ball
2-0: Ball
3-0: Base on Balls
Batting: RHB Roberto Rodríguez 0-0: Called Strike
0-1: Swinging Strike
0-2: Hit by Pitch
Mike Martin scores
Frank Martínez to third
Kyle Vélez to second
Batting: RHB Adam Reeves 0-0: Called Strike
0-1: Swinging Strike
0-2: Ball
1-2: Foul Ball, location: 2F
1-2: Foul Ball, location: 2F
1-2: Ball
2-2: Strikes out swinging
Top of the 1st over - 2 run(s), 0 hit(s), 1 error(s), 3 left on base; Colorado 2 - Chula Vista 0
BOTTOM OF THE 1ST
Chula Vista Tacos batting - Pitching for Colorado Commanders : RHP Jesús Medina
Pitching: RHP Jesús Medina
Batting: LHB Dale Miller 0-0: Foul Ball, location: 2F
0-1: Ball
1-1: Ball
2-1: Foul Ball, location: 2F
2-2: Ball
3-2: Base on Balls
Batting: RHB Ron Garrett 0-0: Ball
1-0: Called Strike
1-1: Ball
2-1: Called Strike
2-2: Ground out 4-3 (Groundball, 34)
Dale Miller to second
Batting: LHB Nick Hill 0-0: Ball
1-0: Foul Ball, location: 2F
1-1: Fly out, F9 (Flyball, 89M)
Batting: LHB Steven Smith 0-0: DOUBLE (Line Drive, 8RXD)
Dale Miller scores
Batting: RHB Jake Lawrence 0-0: Called Strike
0-1: Ball
1-1: Ball
2-1: Ball
Wild Pitch!
Steven Smith to third
3-1: Base on Balls
Batting: RHB Matt O'Rourke 0-0: Called Strike
Pickoff Throw to First - Error! E1
Steven Smith scores
Jake Lawrence to second
0-1: SINGLE (Line Drive, 7S)
Jake Lawrence to third
Batting: RHB Domynguos Tabucchi 0-0: Ball
1-0: Called Strike
1-1: Fly out, F8 (Flyball, 78M)
Bottom of the 1st over - 2 run(s), 2 hit(s), 1 error(s), 2 left on base; Colorado 2 - Chula Vista 2
TOP OF THE 2ND
Colorado Commanders batting - Pitching for Chula Vista Tacos : LHP Alonso Parrish
Batting: RHB Carl O'Dell 0-0: Called Strike
0-1: Swinging Strike
0-2: Fly out, F5 (Line Drive, 56)
Batting: RHB Tony Barton 0-0: Called Strike
0-1: SINGLE (Line Drive, 89S)
Batting: SHB Ed Dundee 0-0: Called Strike
0-1: Ball
1-1: Ball
2-1: Called Strike
2-2: 2-RUN HOME RUN (Flyball, 7LD), Distance : 360 ft
Batting: RHB Mike Martin 0-0: SINGLE (Groundball, 56D)
Batting: RHB Frank Martínez 0-0: Fly out, F7 (Line Drive, 7)
Batting: LHB Arturo Rodledo 0-0: Ball
1-0: Ball
Mike Martin is caught stealing 2nd base
Top of the 2nd over - 2 run(s), 3 hit(s), 0 error(s), 0 left on base; Colorado 4 - Chula Vista 2
BOTTOM OF THE 2ND
Chula Vista Tacos batting - Pitching for Colorado Commanders : RHP Jesús Medina
Batting: RHB Juan Morales 0-0: Ground out 6-3 (Groundball, 6)
Batting: RHB Preston Wooten 0-0: Ball
1-0: Foul Ball, location: 2F
1-1: Called Strike
1-2: Ball
2-2: Ball
3-2: Foul Ball, location: 2F
3-2: Base on Balls
Batting: LHB Dale Miller 0-0: Ball
Preston Wooten steals 2nd base
1-0: Ball
2-0: Ball
3-0: Called Strike
3-1: Swinging Strike
3-2: Strikes out swinging
Batting: RHB Ron Garrett 0-0: Fly out, F9 (Flyball, 9)
Bottom of the 2nd over - 0 run(s), 0 hit(s), 0 error(s), 1 left on base; Colorado 4 - Chula Vista 2
TOP OF THE 3RD
Colorado Commanders batting - Pitching for Chula Vista Tacos : LHP Alonso Parrish
Batting: LHB Arturo Rodledo 0-0: Called Strike
0-1: Ball
1-1: Foul Ball, location: 2F
1-2: Ball
2-2: Foul Ball, location: 2F
2-2: Foul Ball, location: 2F
2-2: Fly out, F7 (Flyball, 7LS)
Batting: RHB Kyle Vélez 0-0: Ball
1-0: Swinging Strike
1-1: Ball
2-1: Foul Ball, location: 2F
2-2: Ball
3-2: Base on Balls
Batting: RHB Roberto Rodríguez 0-0: Ball
1-0: Fly out, F6 (Line Drive, 6)
Batting: RHB Adam Reeves 0-0: Fly out, F9 (Flyball, 9S)
Top of the 3rd over - 0 run(s), 0 hit(s), 0 error(s), 1 left on base; Colorado 4 - Chula Vista 2
BOTTOM OF THE 3RD
Chula Vista Tacos batting - Pitching for Colorado Commanders : RHP Jesús Medina
Batting: LHB Nick Hill 0-0: Called Strike
0-1: Foul Ball, location: 2F
0-2: Ball
1-2: Ground out 6-3 (Groundball, 6M)
Batting: LHB Steven Smith 0-0: Ball
1-0: Ball
2-0: SINGLE (Line Drive, 89S)
Batting: RHB Jake Lawrence 0-0: Called Strike
0-1: Fielders Choice at 2nd, 1-6 (Groundball, 13S)
Batting: RHB Matt O'Rourke 0-0: Ball
1-0: Ball
2-0: Fielders Choice at 2nd, 6-4 (Groundball, 6)
Bottom of the 3rd over - 0 run(s), 1 hit(s), 0 error(s), 0 left on base; Colorado 4 - Chula Vista 2
TOP OF THE 4TH
Colorado Commanders batting - Pitching for Chula Vista Tacos : LHP Alonso Parrish
Batting: RHB Carl O'Dell 0-0: Called Strike
0-1: Ball
1-1: Foul Ball, location: 2F
1-2: Foul Ball, location: 2F
1-2: Strikes out looking
Batting: RHB Tony Barton 0-0: Ball
1-0: Foul Ball, location: 2F
1-1: Foul Ball, location: 2F
1-2: Foul Ball, location: 2F
1-2: Strikes out swinging
Batting: SHB Ed Dundee 0-0: Called Strike
0-1: Ground out 5-3 (Groundball, 56)
Top of the 4th over - 0 run(s), 0 hit(s), 0 error(s), 0 left on base; Colorado 4 - Chula Vista 2
BOTTOM OF THE 4TH
Chula Vista Tacos batting - Pitching for Colorado Commanders : RHP Jesús Medina
Batting: RHB Domynguos Tabucchi 0-0: Swinging Strike
0-1: SINGLE (Flyball, 7LS)
Batting: RHB Juan Morales 0-0: Called Strike
0-1: Ball
1-1: Fly out, F7 (Flyball, 78S)
Batting: RHB Preston Wooten 0-0: Ball
Domynguos Tabucchi is caught stealing 2nd base
1-0: Swinging Strike
1-1: Foul Ball, location: 2F
1-2: Foul Ball, location: 2F
1-2: Foul Ball, location: 2F
1-2: Foul Ball, location: 2F
1-2: Ball
2-2: Foul Ball, location: 2F
2-2: SINGLE (Groundball, 56D)
Batting: LHB Dale Miller 0-0: Ball
1-0: SINGLE (Groundball, P) (infield hit)
Preston Wooten to second
Batting: RHB Ron Garrett 0-0: Swinging Strike
0-1: Ball
1-1: Swinging Strike
1-2: 3-RUN HOME RUN (Flyball, 78XD), Distance : 419 ft
Batting: LHB Nick Hill 0-0: Foul Ball, location: 2F
0-1: Swinging Strike
0-2: Foul Ball, location: 2F
0-2: Foul Ball, location: 2F
0-2: Strikes out looking
Bottom of the 4th over - 3 run(s), 4 hit(s), 0 error(s), 0 left on base; Colorado 4 - Chula Vista 5
TOP OF THE 5TH
Colorado Commanders batting - Pitching for Chula Vista Tacos : LHP Alonso Parrish
Batting: RHB Mike Martin 0-0: SINGLE (Line Drive, 89S)
Batting: RHB Frank Martínez 0-0: Ball
1-0: Ball
2-0: Foul Ball, location: 2F
2-1: Foul Ball, location: 2F
2-2: Ball
3-2: Base on Balls
Mike Martin to second
Batting: LHB Arturo Rodledo 0-0: Called Strike
0-1: Foul Ball, location: 2F
0-2: Ball
1-2: Ball
2-2: Ball
3-2: Base on Balls
Mike Martin to third
Frank Martínez to second
Pitching: RHP Javier García
Batting: RHB Kyle Vélez 0-0: Fly out, F5 (Popup, 5S)
Batting: RHB Roberto Rodríguez 0-0: Swinging Strike
0-1: Called Strike
0-2: Ball
1-2: Foul Ball, location: 2F
1-2: Strikes out swinging
Batting: RHB Adam Reeves 0-0: Called Strike
0-1: Swinging Strike
0-2: Fly out, F9 (Flyball, 9)
Top of the 5th over - 0 run(s), 1 hit(s), 0 error(s), 3 left on base; Colorado 4 - Chula Vista 5
BOTTOM OF THE 5TH
Chula Vista Tacos batting - Pitching for Colorado Commanders : RHP Jesús Medina
Pitching: RHP Pedro Vélez
Batting: LHB Steven Smith 0-0: Ball
1-0: Ball
2-0: Foul Ball, location: 2F
2-1: Ball
3-1: Foul Ball, location: 2F
3-2: Base on Balls
Batting: RHB Jake Lawrence 0-0: Called Strike
0-1: Swinging Strike
0-2: Foul Ball, location: 2F
0-2: Strikes out looking
Batting: RHB Matt O'Rourke 0-0: Ball
1-0: Swinging Strike
1-1: Ball
2-1: Foul Ball, location: 2F
2-2: Foul Ball, location: 2F
2-2: Ball
3-2: Reached on error, E5 (Groundball, 56S)
Steven Smith to third
Batting: RHB Domynguos Tabucchi 0-0: Foul Ball, location: 2F
0-1: Ball
1-1: Fly out, F9 (Flyball, 9)
Throwing error, E9
Steven Smith scores
Matt O'Rourke to third
Batting: RHB Juan Morales 0-0: Foul Ball, location: 2F
0-1: SINGLE (Groundball, 25) (infield hit)
Matt O'Rourke scores
Batting: RHB Preston Wooten 0-0: Ball
1-0: Ball
2-0: Foul Ball, location: 2F
2-1: Fielders Choice at 2nd, 6-4 (Groundball, 6)
Bottom of the 5th over - 2 run(s), 1 hit(s), 2 error(s), 0 left on base; Colorado 4 - Chula Vista 7
TOP OF THE 6TH
Colorado Commanders batting - Pitching for Chula Vista Tacos : RHP Javier García
Batting: RHB Carl O'Dell 0-0: Ball
1-0: Called Strike
1-1: Swinging Strike
1-2: Strikes out swinging
Batting: RHB Tony Barton 0-0: Fly out, F8 (Flyball, 8LD)
Batting: SHB Ed Dundee 0-0: Ball
1-0: SINGLE (Line Drive, 34D)
Batting: RHB Mike Martin 0-0: Called Strike
0-1: Foul Ball, location: 2F
0-2: Ball
1-2: Ball
2-2: Foul Ball, location: 2F
2-2: Ball
3-2: Foul Ball, location: 2F
3-2: Base on Balls
Ed Dundee to second
Batting: RHB Frank Martínez 0-0: Foul Ball, location: 2F
0-1: Ball
1-1: Ball
2-1: Swinging Strike
2-2: Ball
3-2: Foul Ball, location: 2F
3-2: Foul Ball, location: 2F
3-2: Base on Balls
Ed Dundee to third
Mike Martin to second
Batting: LHB Arturo Rodledo 0-0: Swinging Strike
0-1: Swinging Strike
0-2: Strikes out swinging
Top of the 6th over - 0 run(s), 1 hit(s), 0 error(s), 3 left on base; Colorado 4 - Chula Vista 7
BOTTOM OF THE 6TH
Chula Vista Tacos batting - Pitching for Colorado Commanders : RHP Pedro Vélez
Batting: LHB Dale Miller 0-0: Ball
1-0: Ground out U3 (Groundball, 3L)
Batting: RHB Ron Garrett 0-0: Ball
1-0: Called Strike
1-1: Foul Ball, location: 2F
1-2: Ball
2-2: SINGLE (Line Drive, 7S)
Batting: LHB Nick Hill 0-0: Ball
1-0: Foul Ball, location: 2F
1-1: Ball
2-1: Ball
3-1: Base on Balls
Ron Garrett to second
Batting: LHB Steven Smith 0-0: Ball
1-0: Fly out, F8 (Flyball, 8LD)
Batting: RHB Jake Lawrence 0-0: Called Strike
0-1: Ball
1-1: Foul Ball, location: 2F
1-2: Fly out, F8 (Flyball, 89M)
Bottom of the 6th over - 0 run(s), 1 hit(s), 0 error(s), 2 left on base; Colorado 4 - Chula Vista 7
TOP OF THE 7TH
Colorado Commanders batting - Pitching for Chula Vista Tacos : RHP Javier García
Batting: RHB Kyle Vélez 0-0: Ball
1-0: Foul Ball, location: 2F
1-1: Foul Ball, location: 2F
1-2: Foul Ball, location: 2F
1-2: Strikes out swinging
Batting: RHB Roberto Rodríguez 0-0: Called Strike
0-1: Foul Ball, location: 2F
0-2: Ball
1-2: Strikes out swinging
Batting: RHB Adam Reeves 0-0: Ground out 5-3 (Groundball, 56)
Top of the 7th over - 0 run(s), 0 hit(s), 0 error(s), 0 left on base; Colorado 4 - Chula Vista 7
BOTTOM OF THE 7TH
Chula Vista Tacos batting - Pitching for Colorado Commanders : RHP Pedro Vélez
Batting: RHB Matt O'Rourke 0-0: Swinging Strike
0-1: Ground out 6-3 (Groundball, 56)
Batting: RHB Domynguos Tabucchi 0-0: Called Strike
0-1: Ball
1-1: Ball
2-1: Ball
3-1: Ground out 6-3 (Groundball, 6)
Batting: RHB Juan Morales 0-0: Ball
1-0: Ball
2-0: Swinging Strike
2-1: Swinging Strike
2-2: Ground out 1-3 (Groundball, P)
Bottom of the 7th over - 0 run(s), 0 hit(s), 0 error(s), 0 left on base; Colorado 4 - Chula Vista 7
TOP OF THE 8TH
Colorado Commanders batting - Pitching for Chula Vista Tacos : RHP Javier García
Batting: RHB Carl O'Dell 0-0: Called Strike
0-1: Ball
1-1: Ball
2-1: Fly out, F8 (Line Drive, 8LS)
Batting: RHB Tony Barton 0-0: Ground out 4-3 (Groundball, 4)
Batting: SHB Ed Dundee 0-0: Ball
1-0: SINGLE (Groundball, 34D)
Pitching: RHP Carlos Madraso
Batting: RHB Mike Martin 0-0: Ball
1-0: Swinging Strike
1-1: Fly out, F6 (Popup, 56D)
Top of the 8th over - 0 run(s), 1 hit(s), 0 error(s), 1 left on base; Colorado 4 - Chula Vista 7
BOTTOM OF THE 8TH
Chula Vista Tacos batting - Pitching for Colorado Commanders : RHP Pedro Vélez
Pitching: RHP José Deleón
Batting: RHB Preston Wooten 0-0: Ball
1-0: Called Strike
1-1: SINGLE (Groundball, 56)
Batting: LHB Dale Miller 0-0: Ball
1-0: Called Strike
1-1: Ball
2-1: Ball
3-1: Base on Balls
Preston Wooten to second
Batting: RHB Ron Garrett 0-0: Ball
1-0: Called Strike
1-1: Called Strike
1-2: Ball
2-2: Grounds into double play, 6-4-3 (Groundball, 6)
Preston Wooten to third
Batting: LHB Nick Hill 0-0: SINGLE (Groundball, 6M) (infield hit)
Preston Wooten scores
Batting: LHB Steven Smith 0-0: Ball
1-0: Foul Ball, location: 2F
1-1: Fly out, F9 (Flyball, 9S)
Bottom of the 8th over - 1 run(s), 2 hit(s), 0 error(s), 1 left on base; Colorado 4 - Chula Vista 8
TOP OF THE 9TH
Colorado Commanders batting - Pitching for Chula Vista Tacos : RHP Carlos Madraso
Batting: RHB Frank Martínez 0-0: Called Strike
0-1: Called Strike
0-2: Ball
1-2: Strikes out swinging
Batting: LHB Arturo Rodledo 0-0: Foul Ball, location: 2F
0-1: SINGLE (Line Drive, 56D)
Batting: RHB Kyle Vélez 0-0: Swinging Strike
0-1: Ball
1-1: Called Strike
1-2: Ball
2-2: Strikes out swinging
Batting: RHB Roberto Rodríguez 0-0: Ball
1-0: SINGLE (Groundball, 34D)
Arturo Rodledo to second
Runner from 2nd tries for 3rd, SAFE, throw made to third
Pitching: LHP Brian Hodges
Batting: RHB Adam Reeves 0-0: Ball
1-0: Foul Ball, location: 2F
1-1: Swinging Strike
1-2: Ball
2-2: Foul Ball, location: 2F
2-2: Strikes out swinging
Top of the 9th over - 0 run(s), 2 hit(s), 0 error(s), 2 left on base; Colorado 4 - Chula Vista 8
Tuesday, August 8th, 2017 - OOTP Baseball 17.12 Build 75